 Dungeon Crawl Stone Soup version 0.27-a0-1196-g3e9cee4cb2 (webtiles) character file.

Game seed: 13815486827509399240

235 Strat the Cudgeller (level 5, 0/42 HPs)
             Began as a Mummy Warper on May 27, 2021.
             Slain by a kobold
             ... wielding a +0 club
              (2 damage)
             ... on level 5 of the Dungeon.
             The game lasted 00:09:08 (5011 turns).

Strat the Cudgeller (Mummy Warper)                  Turns: 5011, Time: 00:09:09

Health: 0/42       AC:  4    Str: 16    XL:     5   Next: 76%
Magic:  18/18      EV: 10    Int: 12    God:
Gold:   97         SH:  0    Dex: 11    Spells: 7/9 levels left

rFire    x . .     SeeInvis .   a - +1 mace (freeze)
rCold    + . .     Faith    .   (no shield)
rNeg     + + +     Spirit   .   r - +0 ring mail
rPois    ∞         Reflect  .   (no helmet)
rElec    .         Harm     .   (no cloak)
rCorr    .         Rampage  .   f - +2 pair of gloves
Will     .....                  (no boots)
Stlth    +.........             (no amulet)
HPRegen  0.14/turn              h - ring of magical power
MPRegen  0.16/turn              (no ring)

@: corroded
A: cold resistance 1, negative energy resistance 3, torment resistance 2, heat
vulnerability 1, no potions
a: no special abilities


You were on level 5 of the Dungeon.
You visited 1 branch of the dungeon, and saw 6 of its levels.

You collected 97 gold pieces.

Inventory:

Hand Weapons
 a - a +1 mace of freezing (weapon)
 i - a +2 whip of pain
Missiles
 e - 5 boomerangs of dispersal (quivered)
 g - 133 stones
 l - 7 atropa-tipped darts
 s - 7 poisoned darts
Armour
 b - a +0 leather armour
 c - a +0 scale mail
 f - a +2 pair of gloves (worn)
 r - a +0 ring mail (worn)
Jewellery
 h - a ring of magical power (left hand)
Wands
 k - a wand of paralysis (5)
Scrolls
 d - 2 scrolls of blinking
 j - a scroll of magic mapping
 q - 2 scrolls of identify


   Skills:
 - Level 3.8 Fighting
 * Level 4.2 Maces & Flails
 - Level 0.7 Throwing
 - Level 0.7 Armour
 - Level 1.5 Dodging
 - Level 2.6 Spellcasting
 - Level 2.4 Translocations


You had 7 spell levels left.
You knew the following spells:

 Your Spells              Type           Power      Damage    Failure   Level
a - Blink                 Tloc           N/A        N/A       26%         2

Your spell library contained the following spells:

 Spells                   Type           Power      Damage    Failure   Level
 Sandblast                Erth           2%         2d4       43%         1
 Shock                    Conj/Air       4%         1d3       43%         1
 Gell's Gravitas          Tloc           3%         N/A       47%         3
 Lesser Beckoning         Tloc           3%         N/A       47%         3
 Teleport Other           Tloc           7%         N/A       47%         3
 Passwall                 Tmut/Erth      0%         N/A       58%         2
 Static Discharge         Conj/Air       1%         N/A       58%         2
 Stone Arrow              Conj/Erth      2%         3d7       82%         3
 Swiftness                Air            1%         N/A       82%         3
 Airstrike                Air            0%         N/A       99%         4
 Petrify                  Tmut/Erth      1%         N/A       99%         4
 Manifold Assault         Tloc           7%         N/A       99%         5
 Lee's Rapid Deconstruct  Erth           0%         3d5*      100%        5
 Lightning Bolt           Conj/Air       0%         1d11      100%        5


Dungeon Overview and Level Annotations

Branches:
Dungeon (6/15)
 Temple: D:4-7

Altars:
Elyvilon
Yredelemnul
The Shining One

Shops:
D:3 !![

Annotations:
D:3 3 runed translucent doors, DemonSlayer's ghost, amateur HuBe


Innate Abilities, Weirdness & Mutations

You are immune to poison.
Your flesh is cold resistant. (rC+)
You are immune to negative energy. (rN+++)
You are immune to unholy pain and torment.
You are vulnerable to heat. (rF-)
You do not drink.


Message History

The jelly quivers.
The water moccasin bites you!
You see here 17 gold pieces.
The jelly jiggles.
The jelly hits you. The acid corrodes you!
You are splashed with acid!
* * * LOW HITPOINT WARNING * * *
The water moccasin bites you.
* * * LOW HITPOINT WARNING * * *
Found a stone staircase leading up.
The water moccasin bites you!
* * * LOW HITPOINT WARNING * * *
The water moccasin closely misses you.
There is a stone staircase leading up here.
The water moccasin barely misses you.
You climb upwards.
The gnoll shouts! x2
A gnoll comes into view. It is wielding a +0 whip.
There is a stone staircase leading down here.
The water moccasin closely misses you. The water moccasin bites you.
* * * LOW HITPOINT WARNING * * *
Blink to where?
Press: ? - help, Dir - move target
As you read the scroll of blinking, it crumbles to dust. 5 kobolds and a kobold brigand come into view.
The kobold brigand is wielding a +0 short sword of holy wrath and quivering curare-tipped darts.
A kobold is wielding a +0 club and quivering poisoned darts.
The kobold brigand shouts!
The kobold shouts! x4
The kobold unwields a +0 club.
The kobold wields a +0 hand crossbow.
The kobold shoots a bolt.
The bolt hits you!
* * * LOW HITPOINT WARNING * * *
The kobold brigand throws a curare-tipped dart.
The curare-tipped dart hits you.
Unknown command.
The kobold throws a stone.
The stone hits you but does no damage. The kobold closely misses you.
The kobold brigand throws a curare-tipped dart.
The curare-tipped dart closely misses you.
The kobold closely misses you.
You miss the kobold. The kobold hits you with a +0 club.
You die...

#.#############
.g..g.§..g....####
#.##.#####.......#
#.# #..S....# ..#
#.....K@# ##.#
#....KKK# #.#
#....K..# #..
+...K...# #+.
#.......#
#........#
.......### ......


You could see a water moccasin, a kobold brigand, a gnoll and 5 kobolds.

Vanquished Creatures
  A water moccasin zombie (D:6)
  A hound (D:4)
  An iguana (D:3)
  5 adders
  3 worms
  A dart slug (D:1)
  6 ball pythons
  3 endoplasms
  A giant cockroach (D:1)
  7 goblins
  3 hobgoblins
  8 jackals (D:1)
  7 kobolds
  5 quokkas
  6 bats
  6 frilled lizards
  3 rats (D:1)
67 creatures vanquished.

Notes
Turn   | Place    | Note
-------+----------+-------------------------------------------
     0 | D:1      | Strat the Mummy Warper began the quest for the Orb.
     0 | D:1      | Reached XP level 1. HP: 16/16 MP: 4/4
   392 | D:1      | Reached skill level 2 in Maces & Flails
   431 | D:1      | Reached XP level 2. HP: 20/22 MP: 5/5
  1133 | D:1      | Reached XP level 3. HP: 25/28 MP: 7/7
  1808 | D:2      | Reached skill level 3 in Maces & Flails
  2174 | D:2      | Learned a level 2 spell: Blink
  2308 | D:2      | You fall into a shaft and drop 1 floor!
  2308 | D:3      | Found a runed translucent gate.
  2308 | D:3      | Found a runed translucent gate.
  2308 | D:3      | Found a runed translucent gate.
  2308 | D:3      | Noticed DemonSlayer's ghost (amateur HuBe)
  2309 | D:3      | Noticed a scorpion
  2544 | D:2      | Reached XP level 4. HP: 33/34 MP: 8/8
  3150 | D:1      | Found a faded altar of an unknown god.
  3505 | D:3      | Found Jigohyen's Distillery.
  3923 | D:3      | Found Ipsummot's Antique Armour Emporium.
  3954 | D:3      | Found Hoprig's Distillery.
  4467 | D:4      | Found a basalt altar of Yredelemnul.
  4489 | D:4      | Reached XP level 5. HP: 40/41 MP: 9/9
  4671 | D:4      | You fall into a shaft and drop 2 floors!
  4710 | D:6      | Reached skill level 4 in Maces & Flails
  4967 | D:6      | Noticed a water moccasin
  5004 | D:5      | Entered Level 5 of the Dungeon
  5007 | D:5      | HP: 1/42 [kobold/bolt (8)]
  5011 | D:5      | Slain by a kobold

Illustrated notes

Levels and vault maps discovered:
D:1:      nicolae_arrival_washed_ashore, layout_loops_ring,
          shapermc_ecumenical_altar_mp_vishouse
D:2:      layout_rooms, basic_altar
D:3:      layout_basic, gammafunk_ghost_split, serial_shops,
          nicolae_shop_temple_entry_statues_fountains, shop, shop
D:4:      layout_loops_ring, lemuel_doored_altar, old_standard_altar,
          kennysheep_dice, uniq_edmund
D:5:      layout_basic, chequers_temple_overflow_statue_of_worship,
          dancing_weapons_uskayaw, minmay_temple_entry_large_hall
D:6:      layout_loops_corners, gup_sewer_entry_bubbles, hangedman_glass_teeth

Skill      XL: |  1  2  3  4  5 |
---------------+----------------+-----
Maces & Flails | 2 3 4 |  4.2
Fighting       | 3 |  3.8
Throwing       | |  0.7
Armour         | |  0.7
Dodging        | |  1.5
Spellcasting   | |  2.6
Translocations | |  2.4

Action                   |  1- 3 |  4- 6 || total
-------------------------+-------+-------++-------
Melee: Mace              |   132 |   153 ||   285
Evoke: Wand              |       |     3 ||     3
  Use: Scroll            |       |    11 ||    11
 Stab: Paralysed         |       |     4 ||     4
       Sleeping          |       |     1 ||     1
Armor: Leather armour    |    48 |    43 ||    91
       Ring mail         |       |    25 ||    25
Dodge: Dodged            |   103 |   100 ||   203

Table legend: (Time is in decaauts)
 A = Elapsed time spent in this place.
 B = Non-inter-level travel time spent in this place.
 C = Inter-level travel time spent in this place.
 D = Time resting spent in this place.
 E = Time spent auto-exploring this place.
 F = Levels seen in this place.
 G = Mean time per level.
                   A        B        C        D        E       F      G
               +--------+--------+--------+--------+--------+-----+--------+
         Total |   5084 |   4966 |    118 |   1462 |   2270 |   6 |  847.3 |
       Dungeon |   5084 |   4966 |    118 |   1462 |   2270 |   6 |  847.3 |
               +--------+--------+--------+--------+--------+-----+--------+

Top non-repeatable levels by time:
     D:1: 1918 daAuts
     D:2: 1428 daAuts
     D:3: 1029 daAuts
     D:4: 364 daAuts
     D:6: 337 daAuts
     D:5: 6 daAuts
